 Dungeon Crawl Stone Soup version 0.31-a0-819-gf6de2f5ab6 (webtiles) character file.

Game seed: 2026881631954149457

509 demibob the Spear-Bearer (level 7, -10/51 (52) HPs)
             Began as a Merfolk Chaos Knight on Sept 24, 2023.
             Was a Plaything of Xom.
             Mangled by an ogre
             ... wielding a +1 giant spiked club of chaos
              (13 damage)
             ... on level 4 of the Dungeon.
             The game lasted 00:04:00 (3126 turns).

demibob the Spear-Bearer (Merfolk Chaos Knight)     Turns: 3126, Time: 00:04:01

HP:   -10/51 (52)   AC: 10    Str: 12    XL:     7   Next: 19%
MP:   0/7           EV: 12    Int: 11    God:    Xom [.*....]
Gold: 201           SH:  0    Dex: 16    Spells: 6/6 levels left

rFire   + . .        e - +0 glaive
rCold   + . .        (shield currently unavailable)
rNeg    + . .        b - +2 leather armour
rPois   .            (no helmet)
rElec   .            (no cloak)
rCorr   .            c - +0 pair of gloves
SInv    .            (no boots)
Will    .....        (no amulet)
Stlth   +            F - ring of protection from fire
HPRegen 0.28/turn    N - ring of positive energy
MPRegen 0.10/turn

%: clarity
@: lightly drained
A: (nimble swimmer 2), mertail, iridescent scales 2, clarity, cold resistance 1,
deterioration 1
a: Renounce Religion


You were on level 4 of the Dungeon.
You worshipped Xom.
You were a plaything of Xom.
You visited 1 branch of the dungeon, and saw 4 of its levels.

You collected 201 gold pieces.


Innate Abilities, Weirdness & Mutations

((You are very nimble when in or above water. (Stealth+, EV+, Speed+++)))
Your lower body shifts to a powerful aquatic tail in water.
You are mostly covered in iridescent scales. (AC +4)
You possess an exceptional clarity of mind.
Your flesh is cold resistant. (rC+)
Your body sometimes deteriorates upon taking damage.


   Skills:
 - Level 3.2 Fighting
 + Level 10.4 Polearms
 - Level 0.6 Armour
 - Level 2.6 Dodging


You had 6 spell levels left.
You didn't know any spells.
Your spell library contained the following spells:

 Spells                   Type           Power      Damage    Failure   Level
 Slow                     Hex            0%         N/A       41%         1
 Confusing Touch          Hex            0%         N/A       80%         3
 Sigil of Binding         Hex            0%         N/A       80%         3
 Vampiric Draining        Necr           0%         2d6       80%         3

Inventory:

Hand Weapons
 a - a +0 spear of chaos
 e - a +0 glaive (weapon)
Armour
 b - a +2 leather armour (worn)
 c - a +0 pair of gloves (worn)
Jewellery
 F - a ring of protection from fire (left hand)
 N - a ring of positive energy (right hand)
 Z - a ring of wizardry
Scrolls
 f - a scroll of teleportation {@r2}
 g - a scroll of identify {@r1}
 h - a scroll of torment
Potions
 d - 2 potions of brilliance

Dungeon Overview and Level Annotations

Branches:
Dungeon (4/15)
 Temple: D:4-7

Altars:
Qazlal

.. #. ### #.## ## ..#
#..# .# # ..#
▒▒▒.▒▒▒######.#.# ..#
▒....☼▒.....#.#.#
..##▒.....▒.....#...#
.......⚑....#####..#
....▒.....▒.†...@O#
....▒°....▒####...#
..†.▒▒▒.▒▒▒ >..###
......#.# ..####
.<†.....##.#
.......##. ...)...#
....)..# ..)))..#


You could see an ogre.


Message History

Found an escape hatch in the floor.
You closely miss the ogre. The ogre hits you but does no damage.
You hit the ogre but do no damage.
The ogre hits you with a +0 giant spiked club!
You hit the ogre.
The ogre is lightly wounded.
The ogre misses you.
You hit the ogre but do no damage.
The ogre is lightly wounded.
Xom's power touches on a nearby weapon.
The ogre's +0 giant spiked club erupts in a glittering mayhem of colour.
You slash the ogre!
The ogre is heavily wounded.
The ogre hits you with a +1 giant spiked club of chaos!
* * * LOW HITPOINT WARNING * * *
You partially resist.
You feel drained.
Unknown command.
You are too injured to fight recklessly!
Unknown command.
You hit the ogre but do no damage.
The ogre is heavily wounded.
The ogre hits you with a +1 giant spiked club of chaos!!
* * * LOW HITPOINT WARNING * * *
You feel your power leaking away.
Unknown command.
You slash the ogre!
The ogre is severely wounded.
The ogre hits you with a +1 giant spiked club of chaos!
You die...
Xom is highly amused!

Skill      XL: |  1  2  3  4  5  6 |
---------------+-------------------+-----
Polearms       | 5 6 7 9 10 | 10.4
Fighting       | |  3.2
Armour         | |  0.6
Dodging        | |  2.6

Action                     |  1- 3 |  4- 6 |  7- 9 || total
---------------------------+-------+-------+-------++-------
  Melee: Spear             |   102 |    60 |       ||   162
         Punch             |     2 |       |       ||     2
         Glaive            |       |    66 |    30 ||    96
    Use: Scroll            |     1 |    12 |       ||    13
         Potion            |       |     2 |       ||     2
   Stab: Sleeping          |     2 |     1 |     1 ||     4
 Armour: Leather armour    |    29 |    56 |    26 ||   111
  Dodge: Dodged            |    53 |    58 |    29 ||   140

Levels and vault maps discovered:
D:1:      minmay_arrival_four_houses, layout_loops_cross, minmay_misc_feat_x
D:2:      layout_basic, hellmonk_ecumenical_altar_inner_sanctum,
          kennysheep_generic_room_4
D:3:      layout_loops_ring, serial_aquarium, aquarium_bridge_square
          [aquarium_subvault_wall, aquarium_subvault_bridge,
          aquarium_subvault_window, aquarium_subvault_bridge],
          aquarium_window_fake, aquarium_window_1, aquarium_window_corner,
          aquarium_view_2a, aquarium_pool_split, minivault_23, uniq_terence
D:4:      layout_basic, grunt_qazlal_clouds

Notes
Turn   | Place    | Note
-------+----------+-------------------------------------------
     0 | D:1      | demibob the Merfolk Chaos Knight began the quest for the
                  | Orb.
     0 | D:1      | Reached XP level 1. HP: 18/18 MP: 1/1
    22 | D:1      | XOM: silly message
    75 | D:1      | XOM: silly message
   115 | D:1      | Reached XP level 2. HP: 24/24 MP: 2/2
   234 | D:1      | Reached skill level 5 in Polearms
   684 | D:2      | Reached XP level 3. HP: 29/29 MP: 3/3
   700 | D:2      | XOM: divination: detect creatures
   878 | D:2      | Reached skill level 6 in Polearms
   977 | D:2      | Found a faded altar of an unknown god.
  1018 | D:2      | Reached XP level 4. HP: 35/35 MP: 4/4
  1598 | D:3      | a gnoll changed into a shapeshifter
  1598 | D:3      | Noticed a shapeshifter (shapeshifter)
  1598 | D:3      | a shapeshifter changed into a spriggan
  1598 | D:3      | Noticed a spriggan (shapeshifter)
  1602 | D:3      | Gained mutation: You have hidden genetic potential. [potion
                  | of mutation]
  1602 | D:3      | Gained mutation: Your body sometimes deteriorates upon
                  | taking damage. [potion of mutation]
  1602 | D:3      | Gained mutation: You possess an exceptional clarity of
                  | mind. [potion of mutation]
  1602 | D:3      | Gained mutation: Your flesh is cold resistant. (rC+)
                  | [potion of mutation]
  1612 | D:3      | a spriggan changed into a fire crab
  1612 | D:3      | Noticed a fire crab (shapeshifter)
  1722 | D:3      | Noticed Terence
  1723 | D:3      | XOM: silly message
  1739 | D:3      | XOM: cast spell 'Summon Ice Beast'
  1746 | D:3      | Killed Terence
  1747 | D:3      | Reached skill level 7 in Polearms
  1971 | D:3      | Reached XP level 5. HP: 37/41 MP: 5/5
  1977 | D:3      | Gained mutation: You are partially covered in iridescent
                  | scales. (AC +2) [hidden potential]
  2009 | D:3      | Noticed an entropy weaver
  2011 | D:3      | an entropy weaver changed into a shapeshifter
  2011 | D:3      | Noticed a shapeshifter (shapeshifter)
  2012 | D:3      | a shapeshifter changed into a black mamba
  2012 | D:3      | Noticed a black mamba (shapeshifter)
  2016 | D:3      | a black mamba changed into a spriggan
  2016 | D:3      | Noticed a spriggan (shapeshifter)
  2029 | D:3      | XOM: cast spell 'Summon Cactus Giant'
  2029 | D:3      | a spriggan changed into a tarantella
  2029 | D:3      | Noticed a tarantella (shapeshifter)
  2031 | D:3      | Killed a tarantella
  2032 | D:3      | Reached skill level 9 in Polearms
  2032 | D:3      | Reached XP level 6. HP: 15/47 MP: 6/6
  2035 | D:3      | Gained mutation: You are mostly covered in iridescent
                  | scales. (AC +4) [hidden potential]
  2035 | D:3      | Lost mutation: You have hidden genetic potential. [hidden
                  | potential expressed]
  2322 | D:3      | XOM: silly message
  2343 | D:3      | Identified the +0 hand axe of the Traitor {drain, Will++
                  | Dex-5 Stlth+}
  2576 | D:3      | XOM: scenery: summon butterflies
  2619 | D:3      | XOM: god gift: scroll labelled FOESUC BEAGGAL {god gift}
  2668 | D:3      | XOM: god gift: 44 gold pieces
  2914 | D:4      | Found a stormy altar of Qazlal.
  2914 | D:4      | Noticed a water moccasin
  2926 | D:4      | XOM: smoke on damage
  2928 | D:4      | Killed a water moccasin
  2929 | D:4      | Reached skill level 10 in Polearms
  2929 | D:4      | Reached XP level 7. HP: 28/52 MP: 7/7
  3123 | D:4      | XOM: chaos upgrade
  3125 | D:4      | HP: 3/51 [ogre/+1 giant spiked club of chaos (23)]
  3126 | D:4      | Mangled by an ogre

Vanquished Creatures
  A water moccasin (D:4)
  A scorpion (D:3)
  Terence (D:3)
  2 gnolls (D:3)
  4 adders (D:2)
  2 worms
  A dart slug (D:1)
  7 orcs
  6 ball pythons
  6 endoplasms
  3 giant cockroaches
  5 goblins
  3 hobgoblins
  4 jackals
  2 quokkas
  4 bats
  3 frilled lizards
  8 kobolds
  2 rats (D:2)
65 creatures vanquished.

Vanquished Creatures (collateral kills)
  A tarantella (shapeshifter) (D:3)
1 creature vanquished.

Grand Total: 66 creatures vanquished

Table legend: (Time is in decaauts)
 A = Elapsed time spent in this place.
 B = Non-inter-level travel time spent in this place.
 C = Inter-level travel time spent in this place.
 D = Time resting spent in this place.
 E = Time spent auto-exploring this place.
 F = Levels seen in this place.
 G = Mean time per level.
                   A        B        C        D        E       F      G
               +--------+--------+--------+--------+--------+-----+--------+
         Total |   3119 |   2979 |    140 |    191 |   2258 |   4 |  779.8 |
       Dungeon |   3119 |   2979 |    140 |    191 |   2258 |   4 |  779.8 |
               +--------+--------+--------+--------+--------+-----+--------+

Top non-repeatable levels by time:
     D:3: 1245 daAuts
     D:2: 975 daAuts
     D:1: 664 daAuts
     D:4: 233 daAuts

Table legend:
 A = Non-vault XP
 B = Vault XP
 C = Vault XP percentage of total XP
 D = Non-vault monster count
 E = Vault monster count
 F = Vault count percentage of total count
                 A         B        C        D         E       F
            +---------+---------+-------+---------+---------+-------
      Total |     691 |      37 |   5.1 |      64 |       2 |   3.0
            +---------+---------+-------+---------+---------+-------
        D:1 |      32 |       0 |   0.0 |      17 |       0 |   0.0
        D:2 |      74 |       1 |   1.3 |      15 |       1 |   6.2
        D:3 |     419 |      36 |   7.9 |      22 |       1 |   4.3
        D:4 |     166 |       0 |   0.0 |      10 |       0 |   0.0
            +---------+---------+-------+---------+---------+-------
